 Dungeon Crawl Stone Soup version 0.19-a0-1007-g133f65f (webtiles) character file.

469 nextgen the Slasher (level 6, -9/38 HPs)
             Began as a High Elf Fighter on July 19, 2016.
             Mangled by p0werm0de's ghost (11 damage)
             ... on level 4 of the Dungeon.
             The game lasted 00:05:29 (4837 turns).

nextgen the Slasher (High Elf Fighter)              Turns: 4837, Time: 00:05:29

Health: -9/38      AC:  8    Str: 17    XL:     6   Next: 82%
Magic:  7/7        EV:  8    Int: 11    God:
Gold:   68         SH:  9    Dex: 14    Spells: 0 memorised, 5 levels left

rFire  . . .     SeeInvis +     a - +0 long sword
rCold  . . .     Gourm    .     b - +0 scale mail
rNeg   . . .     Faith    .     c - +0 shield
rPois  .         Spirit   .     j - +0 helmet
rElec  .         Dismiss  .     (no cloak)
rCorr  .         Reflect  .     (no gloves)
SustAt .         Harm     .     (no boots)
MR     .....                    (no amulet)
Stlth  ..........               (no ring)
                                k - ring of see invisible

@: not resistant to hostile enchantments, extremely unstealthy
A: dopey 1, frail 1, subdued magic 1
a: no special abilities


You were on level 4 of the Dungeon.
You were very hungry.

You visited 1 branch of the dungeon, and saw 4 of its levels.

You collected 68 gold pieces.

Inventory:

Hand Weapons
 a - a +0 long sword (weapon)
Armour
 b - a +0 scale mail (worn)
 c - a +0 shield (worn)
 i - a cursed +0 plate armour
 j - a +0 helmet (worn)
Jewellery
 k - a ring of see invisible (left hand)
 r - an uncursed ring of protection from fire {unknown}
Scrolls
 e - 2 scrolls of identify
 g - 2 scrolls of immolation
 h - 3 scrolls of remove curse
 m - a scroll of blinking {unknown}
 n - a scroll of fog {unknown}
 p - a scroll of enchant armour {unknown}
 q - a scroll of random uselessness {unknown}
 u - a scroll of recharging {unknown}
Potions
 l - a potion of curing
 o - a potion of might
 s - a potion of haste {unknown}
 t - 2 potions of flight {unknown}


   Skills:
 + Level 4.1 Fighting
 * Level 5.0 Long Blades
 + Level 4.2 Armour
 + Level 2.1 Dodging
 + Level 4.0 Shields


You had 5 spell levels left.
You didn't know any spells.

Dungeon Overview and Level Annotations

Branches:
Dungeon (4/15)
 Temple: D:4-7

Altars:
The Shining One

Annotations:
D:4 p0werm0de's ghost, novice DsFi


Innate Abilities, Weirdness & Mutations

You are dopey. (Int -2)
You are frail. (-10% HP)
Your spells are a little easier to cast, but a little less powerful.


Message History

You hit p0werm0de's ghost.
P0werm0de's ghost is lightly damaged.
You block the giant cockroach's attack.
P0werm0de's ghost hits you but does no damage.
The giant cockroach bites you but does no damage.
You barely miss p0werm0de's ghost.
P0werm0de's ghost is lightly damaged.
The giant cockroach barely misses you.
You riposte.
You slash the giant cockroach!
You kill the giant cockroach!
P0werm0de's ghost hits you but does no damage.
You hit p0werm0de's ghost but do no damage.
P0werm0de's ghost is lightly damaged.
P0werm0de's ghost ripples.
P0werm0de's ghost hits you!
* * * LOW HITPOINT WARNING * * *
Your shield prevents you from hitting p0werm0de's ghost.
P0werm0de's ghost is lightly damaged.
P0werm0de's ghost hits you!
You die...

## #...# ...
....# #.#
##....#
#..#######....(#
.......s.....#
#..........
###...##..#
#.....@W..###
#.%.#..####...#
#..#....#....(.#
# #......###.<#
#..#..# #..#
#.##.## #.## ##
#. #..# #. #.W#
#..#


You could see p0werm0de's ghost.

Vanquished Creatures
  A hungry ghost (D:4)
  The ghost of nextgen the Charlatan, an amateur DsAr (D:3)
  An orc priest (D:3)
  2 orc wizards (D:3)
  Robin (D:2)
  A gnoll (D:1)
  6 adders (D:2)
  2 worms (D:2)
  A dart slug (D:2)
  2 giant geckos (D:2)
  6 orcs (D:3)
  5 giant cockroaches
  20 goblins
  13 hobgoblins
  A ball python (D:2)
  10 bats
  5 giant newts
  6 kobolds
  9 rats
93 creatures vanquished.

Vanquished Creatures (others)
  A goblin (D:2)
1 creature vanquished.

Grand Total: 94 creatures vanquished

Notes
Turn   | Place    | Note
-------+----------+-------------------------------------------
     0 | D:1      | nextgen the High Elf Fighter began the quest for the Orb.
     0 | D:1      | Reached XP level 1. HP: 16/16 MP: 2/2
   392 | D:1      | Reached XP level 2. HP: 15/21 MP: 3/3
  1235 | D:1      | Reached XP level 3. HP: 26/26 MP: 4/4
  1700 | D:2      | Reached skill level 3 in Long Blades
  2310 | D:2      | Reached XP level 4. HP: 31/31 MP: 5/5
  2655 | D:2      | Noticed Robin
  2659 | D:2      | Gained mutation: You are dopey. (Int -2) [potion of mutation]
  2659 | D:2      | Gained mutation: You are frail. (-10% HP) [potion of mutation]
  2659 | D:2      | Gained mutation: Your spells are a little easier to cast, but a little less powerful. [potion of mutation]
  2697 | D:2      | Killed Robin
  2697 | D:2      | Reached skill level 1 in Dodging
  3282 | D:2      | Reached XP level 5. HP: 27/32 MP: 6/6
  3805 | D:3      | Reached skill level 4 in Long Blades
  3948 | D:3      | Noticed nextgen's ghost (amateur DsAr)
  3953 | D:3      | Killed nextgen's ghost
  3953 | D:3      | Reached XP level 6. HP: 26/38 MP: 7/7
  4150 | D:3      | Found a glowing golden altar of the Shining One.
  4701 | D:4      | Noticed a hungry ghost
  4751 | D:4      | Killed a hungry ghost
  4751 | D:4      | Reached skill level 5 in Long Blades
  4817 | D:4      | Noticed p0werm0de's ghost (novice DsFi)
  4837 | D:4      | Mangled by p0werm0de's ghost

Vault maps used:
D:1:      dpeg_arrival_lava_temple_mockup
D:2:      minmay_diamond_boxcup, minivault_23, uniq_robin
D:3:      serial_bayou_pond_e, st_stairs_1, tso_metal_star
D:4:      first_bread, kennysheep_generic_room_14

Skill      XL: |  1  2  3  4  5  6 |
---------------+-------------------+-----
Armour         | 3 4 |  4.2
Long Blades    | 3 4 5 |  5.0
Shields        | 3 4 |  4.0
Dodging        | 1 2 |  2.1
Fighting       | 4 |  4.1

Action                   |  1- 3 |  4- 6 || total
-------------------------+-------+-------++-------
Melee: Long sword        |   144 |   284 ||   428
  Use: Potion            |     1 |     4 ||     5
       Scroll            |       |     2 ||     2
  Eat: Chunk             |     3 |     6 ||     9
       Meat ration       |       |     1 ||     1
       Bread ration      |       |     2 ||     2
       Fruit             |       |     2 ||     2
Armor: Scale mail        |    47 |   119 ||   166
       Skin              |       |    44 ||    44
Dodge: Dodged            |    30 |    79 ||   109
Block: Shield            |    58 |   137 ||   195
